 Dungeon Crawl Stone Soup version 0.30-a0-800-g7c544603b3 (webtiles) character file.

Game seed: 12678687072931903196

360 ders the Magician (level 6, -4/40 HPs)
             Began as a Djinni Conjurer on Feb 22, 2023.
             Was an Initiate of Ashenzari.
             Slain by an iguana (11 damage)
             ... on level 4 of the Dungeon.
             The game lasted 00:05:07 (3361 turns).

ders the Magician (Djinni Conjurer)                 Turns: 3361, Time: 00:05:08

Health: -4/40      AC:  4    Str:  9    XL:     6   Next: 98%
Gold:   181        EV: 12    Int: 21    God:    Ashenzari [......] SH:  0 Dex: 12

rFire   + + .      SeeInvis .    s - +2 short sword (chaos)
rCold   x . .      Faith    .    (no shield)
rNeg    . . .      Spirit   .    a - +0 robe
rPois   ∞          Reflect  .    (no helmet)
rElec   .          Harm     .    b - +0 cloak
rCorr   +          Rampage  .    j - +0 pair of gloves
Will    +....                    (boots unavailable)
Stlth   ++                       (no amulet)
HPRegen 0.26/turn                v - ring of Wajihal {rCorr Str+3}
MPRegen 0.00/turn                o - ring of willpower

@: flying
A: sickness immunity, fire resistance 2, cold vulnerability 1, float, innate
caster, HP casting, extra vitality 1
a: Renounce Religion


You were on level 4 of the Dungeon.
You worshipped Ashenzari.
Ashenzari was noncommittal.
You visited 2 branches of the dungeon, and saw 5 of its levels.
You also visited: Ossuary.

You collected 181 gold pieces.

Inventory:

Hand Weapons
 s - a +2 short sword of chaos (weapon)
Missiles
 g - 6 silver javelins (quivered)
 l - 2 throwing nets
Armour
 a - a +0 robe (worn)
 b - a +0 cloak (worn)
 j - a +0 pair of gloves (worn)
Jewellery
 o - a ring of willpower (right hand)
 v - the ring of Wajihal (left hand) {rCorr Str+3}
   (You found it in an ossuary)

   [ring of resist corrosion]

   Str:       It affects your strength (+3).
   rCorr:     It protects you from acid and corrosion.
Scrolls
 c - 2 scrolls of teleportation
 d - a scroll of enchant weapon
 e - a scroll of noise
 f - 2 scrolls of fear
 h - a scroll of immolation
 m - 3 scrolls of silence
 n - a scroll of brand weapon
 q - 2 scrolls of fog
 r - a scroll of enchant armour
 w - 2 scrolls of vulnerability {unknown}
Potions
 i - a potion of degeneration {unknown}
 k - 2 potions of flight {unknown}
 p - a potion of curing
 t - 2 potions of lignification {unknown}
 u - a potion of haste {unknown}
 x - a potion of resistance {unknown}
 z - a potion of ambrosia {unknown}
 A - a potion of attraction {unknown}


   Skills:
 - Level 2.1 Dodging
 - Level 1.5 Stealth
 + Level 6.0 Spellcasting


You knew the following spells:

 Your Spells              Type           Power      Damage    Failure   Level
a - Magic Dart            Conj           100%       1d8       1%          1
b - Searing Ray           Conj           62%        2d6       1%          2
c - Dazzling Flash        Conj/Hex       62%        N/A       2%          3
d - Fulminant Prism       Conj/Hex       15%        3d11      8%          4
e - Iskenderun's Mystic   Conj/Tloc      31%        2d8       8%          4
f - Slow                  Hex            100%       N/A       1%          1
g - Passwall              Tmut/Erth      25%        N/A       1%          2
Your spell library was empty.

Dungeon Overview and Level Annotations

Branches:
Dungeon (4/15)             Temple (1/1) D:4         Ossuary (visited)

Altars:
Ashenzari
Dithmenos
Elyvilon
Hepliaklqana
Nemelex Xobeh
Okawaru
Qazlal
Ru
Uskayaw
Wu Jian
Xom
Zin
The Shining One


Innate Abilities, Weirdness & Mutations

You are immune to sickness and miasma.
You are immune to poison.
Your flesh is very heat resistant. (rF++)
You are vulnerable to cold. (rC-)
You float through the air rather than walking.
You learn spells naturally, not from books.
Your magical power is your life essence.
You have superior vitality. (+4 MHP)


Message History

The blast of energy engulfs the gnoll!!
You kill the gnoll!
The blast of energy engulfs the iguana!
The iguana is almost dead.
The blast of energy engulfs the gnoll!!
You kill the gnoll!
Your Spellcasting skill increases to level 6!
It was a potion of curing.
You feel better. The iguana bites you.
* * * LOW HITPOINT WARNING * * *
You feel better. The iguana closely misses you.
Casting: Fulminant Prism (quite dangerous; 9% risk of failure)
Confirm with . or Enter, or press ? or * to list all spells.
Aiming: Searing Ray (safe; 1% risk of failure)
Press: ? - help, Shift-Dir - straight line The searing ray hits the gnoll!
The gnoll is heavily wounded. (Press . to maintain the ray.)
* * * LOW HITPOINT WARNING * * *
The iguana barely misses you. The gnoll closely misses you.
Unknown command.
Casting: Searing Ray (safe; 1% risk of failure)
Confirm with . or Enter, or press ? or * to list all spells.
Restarting spell: Searing Ray (safe; 1% risk of failure)
Press: ? - help, Shift-Dir - straight line The searing ray hits the gnoll!
You kill the gnoll! (Press . to maintain the ray.)
* * * LOW HITPOINT WARNING * * *
The iguana closely misses you.
Unknown command.
Casting: Searing Ray (safe; 1% risk of failure)
Confirm with . or Enter, or press ? or * to list all spells.
Restarting spell: Searing Ray (safe; 1% risk of failure)
Press: ? - help, Shift-Dir - straight line, f - iguana
Aim: an iguana (almost dead, 82% to hit)
The searing ray misses the iguana. (Press . to maintain the ray.)
* * * LOW HITPOINT WARNING * * *
The iguana bites you!
You die...

.(.##.........## 8...
#..............# ..(.
#........##.... .....
###..............
.....###...##....###....
$...........##..## #.###
.......#....##..## ###
.....)l..##......#
...)..)@....(...##
...##..#..#.....#
.......#.###..##
#.....##### #### ##..##
###


You could see an iguana.

Vanquished Creatures
  2 water moccasin zombies (Ossuary)
  An orc wizard (D:2)
  3 mummies
  4 gnolls (D:4)
  5 adders
  An adder zombie (Ossuary)
  2 worms
  A dart slug (D:2)
  4 orcs (D:3)
  3 bats
  6 endoplasms
  4 giant cockroaches
  6 gnoll zombies (Ossuary)
  9 goblins
  9 hobgoblins
  4 quokkas
  4 ball pythons
  2 frilled lizards
  3 hobgoblin zombies (Ossuary)
  5 kobolds
  4 kobold zombies (Ossuary)
  2 orc zombies (Ossuary)
  5 rats
89 creatures vanquished.

Vanquished Creatures (others)
  4 fulminant prisms
4 creatures vanquished.

Grand Total: 93 creatures vanquished

Notes
Turn   | Place    | Note
-------+----------+-------------------------------------------
     0 | D:1      | ders the Djinni Conjurer began the quest for the Orb.
     0 | D:1      | ders set off with the following spells memorised: Magic
                  | Dart, Searing Ray, Dazzling Flash, Fulminant Prism,
                  | Iskenderun's Mystic Blast.
     0 | D:1      | Reached XP level 1. HP: 15/15 MP: 0/0
    84 | D:1      | Reached XP level 2. HP: 20/21 MP: 0/0
   379 | D:1      | Reached XP level 3. HP: 22/25 MP: 0/0
   379 | D:1      | Learned a level 1 spell: Slow
   528 | D:1      | Found a faded altar of an unknown god.
   741 | D:2      | Reached skill level 4 in Spellcasting
  1123 | D:2      | Reached XP level 4. HP: 30/31 MP: 0/0
  1463 | D:3      | Found a large runed translucent door.
  1882 | D:3      | Found a large runed translucent door.
  1882 | D:3      | Found a shimmering altar of Xom.
  1916 | D:3      | Reached XP level 5. HP: 8/35 MP: 0/0
  1916 | D:3      | Learned a level 2 spell: Passwall
  2158 | D:3      | Reached skill level 5 in Spellcasting
  2421 | D:4      | Found a staircase to the Ecumenical Temple.
  2435 | Temple   | Entered the Ecumenical Temple
  2545 | Temple   | Became a worshipper of Ashenzari the Shackled
  2613 | D:4      | Found a sand-covered staircase.
  2624 | Ossuary  | Entered an ossuary
  2709 | Ossuary  | Reached XP level 6. HP: 4/40 MP: 0/0
  3241 | Ossuary  | Identified the ring of Wajihal {rCorr Str+3}
  3356 | D:4      | HP: 1/40 [gnoll/+0 club (2)]
  3357 | D:4      | Reached skill level 6 in Spellcasting
  3361 | D:4      | Slain by an iguana

Illustrated notes

Levels and vault maps discovered:
D:1:      minmay_arrival_stone_box, layout_basic, basic_ecumenical_altar
D:2:      cheibrodos_old_hovel, layout_basic
D:3:      due_chaos_kobolds, layout_basic, minmay_misc_feat_columns
D:4:      layout_cave_pools, mainiacjoe_overflow_surrounded_room,
          chei_slow_surprise, minmay_temple_entry_slanted,
          gup_ossuary_entry_pyramid, serial_column_ruins,
          column_ruins_circle_medium, column_ruins_circle_medium,
          column_ruins_grid_1, column_ruins_columns_plus,
          column_ruins_corridor_plus, column_ruins_corridor_straight,
          column_ruins_open_small, uniq_natasha
Temple:   eino_narrow_crystal_temple

Skill      XL: |  1  2  3  4  5  6 |
---------------+-------------------+-----
Spellcasting   | 4 5 6 |  6.0
Dodging        | |  2.1
Stealth        | |  1.5

Action                     |  1- 3 |  4- 6 || total
---------------------------+-------+-------++-------
  Throw: Javelin           |     1 |       ||     1
   Cast: Magic Dart        |    62 |   104 ||   166
         Searing Ray       |       |    32 ||    32
         Fulminant Prism   |       |     4 ||     4
    Use: Scroll            |       |     9 ||     9
         Potion            |       |     2 ||     2
 Armour: Robe              |     1 |    11 ||    12
  Dodge: Dodged            |     1 |    37 ||    38

Table legend: (Time is in decaauts)
 A = Elapsed time spent in this place.
 B = Non-inter-level travel time spent in this place.
 C = Inter-level travel time spent in this place.
 D = Time resting spent in this place.
 E = Time spent auto-exploring this place.
 F = Levels seen in this place.
 G = Mean time per level.
                   A        B        C        D        E       F      G
               +--------+--------+--------+--------+--------+-----+--------+
         Total |   3360 |   3165 |    195 |    611 |   2135 |   6 |  560.0 |
       Dungeon |   2590 |   2454 |    136 |    282 |   1860 |   4 |  647.5 |
        Temple |    125 |     66 |     59 |      0 |     60 |   1 |  125.0 |
       Ossuary |    643 |    643 |      0 |    329 |    215 |   1 |  643.0 |
               +--------+--------+--------+--------+--------+-----+--------+

Top non-repeatable levels by time:
     D:2: 954 daAuts
     D:3: 751 daAuts
     D:1: 710 daAuts
 Ossuary: 643 daAuts
     D:4: 173 daAuts
  Temple: 125 daAuts
